 Dungeon Sprint DCSS version 0.31-a0-437-g7cee417757 (webtiles) character file.

Game seed: 12773370825959589000

492564 Conn the Archmage (level 20, 177/177 HPs)
             Began as an Octopode Fire Elementalist on Aug 1, 2023.
             Was the Champion of Sif Muna.
             Escaped with the Orb!
             The game lasted 01:43:06 (7702 turns).

Conn the Archmage (Octopode Fire Elementalist)      Turns: 7702, Time: 01:43:06

Health: 177/177    AC:  4    Str: 22    XL:     20   Next: 10%
Magic:  51/51      EV: 18    Int: 48    God:    Sif Muna [******]
Gold:   0          SH: 46    Dex: 25    Spells: 7/73 levels left

rFire   + + .        B - +8 lance "Wyrmbane" {slay drac, rPois rF+ rC+ AC+3}
rCold   + + .        A - +18 shield of the Gong {Loud rN+ Will+ rCorr EV-5}
rNeg    + . .        (helmet restricted)
rPois   +            G - brooch of Shielding {Spirit SH+8}
rElec   +            h - ring "Von Cup" {Fire Contam rCorr Int+8 Dex+3}
rCorr   +            u - +6 ring of dexterity
SInv    +            Q - ring of the Vendetta {*Slow rCorr Str+8 Dex+7}
Will    +++..        w - ring "Hiupsun" {Contam Fly rC+ rCorr Int+7}
Stlth   ++++         s - ring of Kurompis {rElec Int+8 Dex-4 Slay+4 SInv}
HPRegen 0.49/turn    E - ring of the Mage {Wiz Archmagi}
MPRegen 0.32/turn    W - ring "Eneji" {rElec Will+ Stlth+}
                     p - ring "Keq Qynk" {Fly rElec rC+ Str+6}

%: no teleportation, slow self (1%), guardian spirit, wizardry (x1), archmagi
@: flying, studying 2 skills
A: almost no armour, amphibious, 8 rings, camouflage 1, gelatinous body 1,
(nimble swimmer 1), tentacles
0: Orb of Zot
a: Renounce Religion, Channel Magic, Forget Spell, Divine Exegesis


You escaped.
You worshipped Sif Muna.
Sif Muna was exalted by your worship.
You visited 1 branch

Inventory:

Hand Weapons
 z - the +6 Majin-Bo {spellvamp, MP+6 Int+6}
   (You found it in the Dungeon)

   Int:       It affects your intelligence (+6).
   MP:        It affects your magic capacity (+6).
 B - the +8 lance "Wyrmbane" (weapon) {slay drac, rPois rF+ rC+ AC+3}
   (You found it in the Dungeon)

   AC:        It affects your AC (+3).
   rF:        It protects you from fire.
   rC:        It protects you from cold.
   rPois:     It protects you from poison.
 J - the +7 quarterstaff of the Spectre {heavy, rPois rC+++ Str+3 Int-3}
   (You found it in the Dungeon)

   Str:       It affects your strength (+3).
   Int:       It affects your intelligence (-3).
   rC:        It renders you almost immune to cold.
   rPois:     It protects you from poison.
 L - the +7 morningstar "Kuisaong" {speed, Contam *Slow Will+++ Int+7}
   (You found it in the Dungeon)

   Int:       It affects your intelligence (+7).
   Contam:    It causes magical contamination when unequipped.
   *Slow:     It may slow you when you take damage.
   Will:      It greatly increases your willpower.
 V - the +4 halberd of Shame {freeze, Fragile rPois rC+ rCorr}
   (You found it in the Dungeon)

   rC:        It protects you from cold.
   rPois:     It protects you from poison.
   rCorr:     It protects you from acid and corrosion.
   Fragile:   It will be destroyed if unequipped.
 X - the +7 shortbow "Goxebb" {drain, +Blink rElec rC+ Str-3 Dex+4}
   (You found it in the Dungeon)

   Str:       It affects your strength (-3).
   Dex:       It affects your dexterity (+4).
   rC:        It protects you from cold.
   rElec:     It insulates you from electricity.
   +Blink:    It lets you blink.
Armour
 A - the +18 shield of the Gong (worn) {Loud rN+ Will+ rCorr EV-5}
   (You found it in the Dungeon)

   Loud:      It is deafeningly noisy when blocking attacks.
   EV:        It affects your evasion (-5).
   rN:        It protects you from negative energy.
   rCorr:     It protects you from acid and corrosion.
   Will:      It increases your willpower.
 C - the +5 Storm Queen's Shield {shock, Fly rElec}
   (You found it in the Dungeon)

   Shock:     When it blocks an attack, it may electrocute the attacker.
   This works even against foes who are a short distance away.
   rElec:     It insulates you from electricity.
   Fly:       It grants you flight.
 H - the crystal ball of Wucad Mu {*channel}
   (You found it in the Dungeon)

   *Channel:  It often returns the magic spent to cast spells, but lowers their
   success rate.
   It always returns the magic spent on miscasts.
Magical Staves
 O - a staff of fire
 R - a staff of conjuration
 T - a staff of cold
Jewellery
 h - the ring "Von Cup" (left tentacle) {Fire Contam rCorr Int+8 Dex+3}
   (You found it in the Dungeon)

   [ring of fire]

   It enhances your fire magic.
   Int:       It affects your intelligence (+8).
   Dex:       It affects your dexterity (+3).
   rF:        It protects you from fire.
   rC:        It makes you vulnerable to cold.
   Contam:    It causes magical contamination when unequipped.
   rCorr:     It protects you from acid and corrosion.
 p - the ring "Keq Qynk" (on tentacle) {Fly rElec rC+ Str+6}
   (You found it in the Dungeon)

   [ring of strength]

   Str:       It affects your strength (+6).
   rC:        It protects you from cold.
   rElec:     It insulates you from electricity.
   Fly:       It grants you flight.
 s - the ring of Kurompis (on tentacle) {rElec Int+8 Dex-4 Slay+4 SInv}
   (You found it in the Dungeon)

   [ring of see invisible]

   Int:       It affects your intelligence (+8).
   Dex:       It affects your dexterity (-4).
   Slay:      It affects your accuracy & damage with ranged weapons and melee
   (+4).
   rElec:     It insulates you from electricity.
   SInv:      It lets you see invisible.
 t - a +5 ring of evasion
 u - a +6 ring of dexterity (right tentacle)
 w - the ring "Hiupsun" (on tentacle) {Contam Fly rC+ rCorr Int+7}
   (You took it off a draconian stormcaller in the Dungeon)

   [ring of resist corrosion]

   Int:       It affects your intelligence (+7).
   rC:        It protects you from cold.
   Fly:       It grants you flight.
   Contam:    It causes magical contamination when unequipped.
   rCorr:     It protects you from acid and corrosion.
 x - a +5 ring of evasion
 y - the ring "Zioguur" {rF+ Slay+4 SInv}
   (You took it off a deep elf annihilator in the Dungeon)

   [ring of slaying]

   Slay:      It affects your accuracy & damage with ranged weapons and melee
   (+4).
   rF:        It protects you from fire.
   SInv:      It lets you see invisible.
 D - a ring of wizardry
 E - the ring of the Mage (on tentacle) {Wiz Archmagi}
   (You found it in the Dungeon)

   [ring of wizardry]

   It improves your spell success rate.
   Archmagi:  It increases the power of your magical spells.
 F - an amulet of regeneration
 G - the brooch of Shielding (around mantle) {Spirit SH+8}
   (You found it in the Dungeon)

   [amulet of guardian spirit]

   It causes incoming damage to be divided between your reserves of health and
   magic.
   SH:        It affects your SH (+8).
 I - the ring "Ysies" {Fly rPois}
   (You found it in the Dungeon)

   [ring of flight]

   rPois:     It protects you from poison.
   Fly:       It grants you flight.
 M - the ring "Beov" {rPois Str+2}
   (You found it in the Dungeon)

   [ring of poison resistance]

   Str:       It affects your strength (+2).
   rPois:     It protects you from poison.
 N - a ring of wizardry
 Q - the ring of the Vendetta (on tentacle) {*Slow rCorr Str+8 Dex+7}
   (You found it in the Dungeon)

   [ring of resist corrosion]

   Str:       It affects your strength (+8).
   Dex:       It affects your dexterity (+7).
   rCorr:     It protects you from acid and corrosion.
   *Slow:     It may slow you when you take damage.
 S - the amulet of Ogur Purr {Faith +Inv rElec Dex+2 Stlth-}
   (You found it in the Dungeon)

   [amulet of faith]

   It allows you to gain divine favour quickly.
   Dex:       It affects your dexterity (+2).
   rElec:     It insulates you from electricity.
   +Inv:      It lets you turn invisible.
   Stlth:     It makes you less stealthy.
 U - the ring "Tecogox" {Fly rElec MP-9 Str+4 Stlth+}
   (You found it in the Dungeon)

   [ring of flight]

   Str:       It affects your strength (+4).
   rElec:     It insulates you from electricity.
   MP:        It affects your magic capacity (-9).
   Fly:       It grants you flight.
   Stlth:     It makes you more stealthy.
 W - the ring "Eneji" (on tentacle) {rElec Will+ Stlth+}
   (You found it in the Dungeon)

   [ring of willpower]

   rElec:     It insulates you from electricity.
   Will:      It increases your willpower.
   Stlth:     It makes you more stealthy.
 Y - an amulet of reflection
 Z - a +5 ring of evasion
Wands
 j - a wand of paralysis (69)
 q - a wand of iceblast (70)
 r - a wand of acid (47)
 v - a wand of flame (21)
 K - a wand of digging (44)
 P - a wand of polymorph (24)
Scrolls
 f - 2 scrolls of blinking
 l - a scroll of amnesia
 m - 8 scrolls of fog
 n - 5 scrolls of identify
 o - 2 scrolls of fear
Potions
 a - 8 potions of magic
 b - 10 potions of curing
 c - 9 potions of heal wounds
 d - 43 potions of haste
 e - 2 potions of berserk rage
 g - a potion of brilliance
 i - 4 potions of resistance
 k - 7 potions of might


   Skills:
 O Level 27 Fighting
 + Level 10.8 Polearms
 + Level 11.6 Dodging
 + Level 24.3 Stealth
 O Level 27 Shields
 O Level 27 Spellcasting
 O Level 27 Conjurations
 + Level 10.0 Hexes
 + Level 6.6 Summonings
 - Level 5.6 Translocations
 O Level 27 Fire Magic
 + Level 15.6 Ice Magic
 + Level 10.9 Air Magic
 + Level 3.1 Earth Magic
 + Level 7.7 Poison Magic
 - Level 14.3 Invocations
 + Level 3.5 Evocations


You had 7 spell levels left.
You knew the following spells:

 Your Spells              Type           Power      Damage    Failure   Level
a - Foxfire               Conj/Fire      100%       2x1d9     0%          1
b - Scorch                Fire           100%       2d9       0%          2
c - Fire Storm            Conj/Fire      99%        8d25      1%          9
d - Dispersal             Tloc           54%        N/A       1%          6
e - Iskenderun's Mystic   Conj/Tloc      100%       2d19      0%          4
f - Mephitic Cloud        Conj/Pois/Air  100%       N/A       0%          3
g - Starburst             Conj/Fire      99%        6d25      0%          6
h - Summon Guardian Gole  Hex/Summ       100%       N/A       0%          3
i - Hailstorm             Conj/Ice       100%       3d20      0%          3
j - Ignition              Fire           99%        3d25      0%          8
k - Metabolic Englaciati  Hex/Ice        68%        N/A       1%          5
l - Fireball              Conj/Fire      99%        3d36      0%          5
m - Blink                 Tloc           100%       N/A       1%          2
n - Chain Lightning       Conj/Air       76%        3d102     3%          9

Your spell library contained the following spells:

 Spells                   Type           Power      Damage    Failure   Level
 Apportation              Tloc           100%       N/A       0%          1
 Freeze                   Ice            100%       1d10      0%          1
 Kiss of Death            Conj/Necr      100%       2d13      0%          1
 Magic Dart               Conj           100%       1d8       0%          1
 Shock                    Conj/Air       100%       1d9       0%          1
 Slow                     Hex            100%       N/A       0%          1
 Summon Small Mammal      Summ           100%       N/A       0%          1
 Call Imp                 Summ           100%       N/A       0%          2
 Cigotuvi's Dreadful Rot  Necr/Pois/Air  100%       N/A       0%          2
 Ensorcelled Hibernation  Hex/Ice        100%       N/A       0%          2
 Momentum Strike          Conj/Tloc      100%       3d10      0%          2
 Poisonous Vapours        Pois/Air       100%       N/A       0%          2
 Searing Ray              Conj           100%       2d8       0%          2
 Static Discharge         Conj/Air       100%       2-7/arc   0%          2
 Confusing Touch          Hex            100%       N/A       0%          3
 Dazzling Flash           Conj/Hex       100%       N/A       0%          3
 Frozen Ramparts          Ice            100%       1d16      0%          3
 Ignite Poison            Fire/Tmut/Pois 100%       N/A       0%          3
 Inner Flame              Hex/Fire       100%       N/A       0%          3
 Ozocubu's Armour         Ice            100%       N/A       0%          3
 Portal Projectile        Hex/Tloc       100%       N/A       0%          3
 Stone Arrow              Conj/Erth      100%       3d13      0%          3
 Swiftness                Air            100%       N/A       0%          3
 Tukima's Dance           Hex            100%       N/A       0%          3
 Vhi's Electric Charge    Tloc/Air       100%       N/A       0%          3
 Volatile Blastmotes      Fire/Tloc      100%       2d18      0%          3
 Airstrike                Air            65%        2d(10-26) 0%          4
 Flame Wave               Conj/Fire      100%       2d21      0%          4
 Fulminant Prism          Conj/Hex       76%        3d31      0%          4
 Sticky Flame             Conj/Fire      100%       2d11      0%          4
 Summon Ice Beast         Ice/Summ       100%       N/A       0%          4
 Arcjolt                  Conj/Air       76%        1d86      0%          5
 Freezing Cloud           Conj/Ice/Air   75%        6-21      0%          5
 Irradiate                Conj/Tmut      69%        3d34      0%          5
 Iskenderun's Battlesphe  Conj           100%       2d15      0%          5
 Conjure Ball Lightning   Conj/Air       76%        3x3d28    0%          6
 Plasma Beam              Fire/Air       89%        2x1d108   0%          6
 Orb of Destruction       Conj           85%        9d19      0%          7
 Necrotise                Necr           100%       1d9       1%          1
 Sandblast                Erth           100%       2d20      1%          1
 Sting                    Tmut/Pois      100%       1d8       1%          1
 Lesser Beckoning         Tloc           100%       N/A       1%          2
 Passwall                 Tmut/Erth      73%        N/A       1%          2
 Sublimation of Blood     Necr           77%        N/A       1%          2
 Wereblood                Tmut           77%        N/A       1%          2
 Call Canine Familiar     Summ           100%       N/A       1%          3
 Gell's Gravitas          Tloc           100%       N/A       1%          3
 Teleport Other           Tloc           100%       N/A       1%          3
 Vampiric Draining        Necr           77%        2d11      1%          3
 Anguish                  Hex/Necr       53%        N/A       1%          4
 Animate Dead             Necr           77%        N/A       1%          4
 Cause Fear               Hex            63%        N/A       1%          4
 Dispel Undead            Necr           77%        3d25      1%          4
 Leda's Liquefaction      Hex/Erth       56%        N/A       1%          4
 Manifold Assault         Tloc           100%       N/A       1%          4
 Olgreb's Toxic Radiance  Pois           100%       N/A       1%          4
 Passage of Golubria      Tloc           100%       N/A       1%          4
 Petrify                  Tmut/Erth      88%        N/A       1%          4
 Summon Lightning Spire   Summ/Air       100%       N/A       1%          4
 Agony                    Necr           77%        N/A       1%          5
 Alistair's Intoxication  Tmut/Pois      66%        N/A       1%          5
 Borgnjor's Vile Clutch   Necr/Erth      44%        N/A       1%          5
 Lee's Rapid Deconstruct  Erth           48%        3d23*     1%          5
 Silence                  Hex/Air        64%        N/A       1%          5
 Summon Forest            Summ/Tloc      55%        N/A       1%          5
 Summon Mana Viper        Hex/Summ       100%       N/A       1%          5
 Yara's Violent Unravell  Hex/Tmut       53%        3d20      1%          5
 Leda's Unmaking          Conj/Erth      71%        9d12      1%          6
 Simulacrum               Ice/Necr       59%        N/A       1%          6
 Summon Cactus Giant      Summ           57%        N/A       1%          6
 Enfeeble                 Hex            63%        N/A       1%          7
 Ozocubu's Refrigeration  Ice            72%        4d23      1%          7
 Spellforged Servitor     Conj/Summ      74%        N/A       1%          7
 Eringya's Noxious Bog    Tmut/Pois      50%        4d6       2%          6
 Malign Gateway           Summ/Tloc      55%        N/A       4%          7
 Monstrous Menagerie      Summ           57%        N/A       4%          7
 Summon Hydra             Summ           57%        N/A       4%          7
 Death Channel            Necr           38%        N/A       11%         6
 Haunt                    Necr/Summ      49%        N/A       16%         7
 Lehudib's Crystal Spear  Conj/Erth      71%        10d16     1%          8
 Maxwell's Capacitive Co  Air            65%        ∞         6%          8
 Discord                  Hex            63%        N/A       8%          8
 Polar Vortex             Ice            72%        12d9*     12%         9
 Summon Horrible Things   Summ           57%        N/A       30%         8
 Disjunction              Tloc           54%        N/A       41%         8
 Borgnjor's Revivificati  Necr           38%        N/A       98%         8
 Infestation              Necr           38%        N/A       98%         8
 Dragon's Call            Summ           57%        N/A       99%         9
 Death's Door             Necr           38%        N/A       100%        9
 Shatter                  Erth           48%        3d37*     100%        9
 Animate Armour           Summ/Erth      Unusable   N/A       N/A         4

Dungeon Overview and Level Annotations

Branches:
Dungeon (1/1)

Altars:
Ashenzari
Cheibriados
Dithmenos
Elyvilon
Fedhas
Gozag
Hepliaklqana
Kikubaaqudgha
Makhleb
Nemelex Xobeh
Okawaru
Qazlal
Ru
Sif Muna
Trog
Uskayaw
Vehumet
Wu Jian
Xom
Yredelemnul
Zin
The Shining One
Jiyva
Lugonu


Innate Abilities, Weirdness & Mutations

You cannot wear most types of armour.
You are amphibious.
You can wear up to eight rings at the same time.
Your skin changes colour to match your surroundings (Stealth+).
Your rubbery body absorbs attacks. (AC +1, EV +1)
((You are camouflaged when in or above water. (Stealth+)))
You have tentacles for arms and can constrict up to eight enemies at once.


Message History

Aiming: Fire Storm (mildly dangerous; 1% risk of failure)
Press: ? - help, Dir - move target, p - Hell Sentinel You feel a strong surge of power!
A raging storm of fire appears!
The great blast of fire engulfs the Hell Sentinel!!!
The Hell Sentinel partially resists.
The Hell Sentinel is almost dead.
Your fire vortex hits the Hell Sentinel.
Your fire vortex dissipates!
Unknown command.
Unknown command.
Casting: Fire Storm (mildly dangerous; 1% risk of failure)
Confirm with . or Enter, or press ? or * to list all spells.
You feel a surge of power!
You erupt in a blast of force!
The mystic blast hits the Hell Sentinel!
The Hell Sentinel is almost dead.
The Hell Sentinel is knocked back by the mystic blast.
Unknown command.
Unknown command.
Unknown command.
The Hell Sentinel hits your fire vortex!!
Your fire vortex dissipates!
Unknown command.
Casting: Iskenderun's Mystic Blast (safe; 0% risk of failure)
Confirm with . or Enter, or press ? or * to list all spells.
You can't see any susceptible monsters within range! (Use Z to cast anyway.) Unknown command.
Unknown command.
Unknown command.
Casting: Iskenderun's Mystic Blast (safe; 0% risk of failure)
Confirm with . or Enter, or press ? or * to list all spells.
You feel a surge of power!
You erupt in a blast of force!
The mystic blast hits the Hell Sentinel!
You kill the Hell Sentinel!
Sif Muna accepts your kill.
Your Hexes skill increases to level 10!
Unknown command.
Unknown command.
You start resting.
Magic restored.
You have escaped!

............▓..▓.......▓..▓...8©8
...÷........▓.▓▓▓.....▓▓▓.▓....).
............▓..▓.......▓..▓......
............▓.............▓...†..
..........:.▓......©......▓....)†
............▓▓▓▓▓▓▓▓▓▓▓▓▓▓▓......
▓.......▓..|▓8888888888888▓......
▓▓...÷.▓▓▓..▓8..)..).....8▓......
▓.......▓:..▓8..@..).)©..8▓.▓....
.......[[...▓8......)....8▓....©.
....©...÷...▓8888888888888▓▓▓▓▓▓▓
▓▓▓▓▓▓▓▓▓▓▓▓▓▓▓▓▓▓▓▓▓▓▓▓▓▓▓▓▓▓▓▓▓
.[...8©8........▓........8©8.....
[)))")÷))[).[...▓.:.)..:.)))=[)))
.|/)"||)).)./|◎.▓.)).|.:)))))))).
)).|[)|/)|[/.|:.▓..:).|))|)))))))
..)...)÷.)......▓.......)))))....


There were no monsters in sight!

Vanquished Creatures
  3 pandemonium lords (D)
  3 shard shrikes (D)
  A caustic shrike (D)
  A Tzitzimitl (D)
  2 electric golems (D)
  4 Hell Sentinels (D)
  4 Ice Fiends (D)
  A lich (D)
  3 Orb Guardians (D)
  10 titans (D)
  5 deep elf blademasters (D)
  8 deep elf master archers (D)
  6 acid blobs (D)
  3 Executioners (D)
  2 ancient champions (D)
  5 storm dragons (D)
  A draconian monk (D)
  7 azure jellies (D)
  A shadow dragon (D)
  9 rockslimes (D)
  2 narguns (D)
  2 draconian scorchers (D)
  A draconian knight (D)
  A deep elf elementalist (D)
  7 deep elf sorcerers (D)
  2 draconian stormcallers (D)
  6 spriggan defenders (D)
  2 draconian shifters (D)
  2 iron dragons (D)
  3 draconian annihilators (D)
  A ghost moth (D)
  A cacodemon (D)
  A demonspawn blood saint (D)
  3 war gargoyles (D)
  2 reapers (D)
  A quicksilver ooze (D)
  7 black draconians (D)
  3 demonspawn black suns (D)
  9 purple draconians (D)
  7 wendigos (D)
  A lorocyproca (D)
  8 deep elf annihilators (D)
  8 green draconians (D)
  9 yellow draconians (D)
  9 white draconians (D)
  A blizzard demon (D)
  6 red draconians (D)
  A green death (D)
  2 entropy weavers (D)
  2 great orbs of eyes (D)
  2 yaktaur captains (D)
  An iron golem (D)
  A hell beast (D)
  8 deep elf high priests (D)
  A merfolk javelineer (D)
  8 spriggan air magi (D)
  6 vault guards (D)
  3 hydras (D)
  A radroach (D)
  4 catoblepae (D)
  6 boulder beetles (D)
  2 centaur warriors (D)
  2 death yaks (D)
  A demonic crawler (D)
  6 spriggan berserkers (D)
  7 dancing weapons (D)
  5 soul eaters (D)
  2 naga warriors (D)
  6 deep elf knights (D)
  4 sun demons (D)
  A sun moth (D)
  3 sixfirhies (D)
  2 pharaoh ants (D)
  A skyshark (D)
  2 glowing orange brains (D)
  A cherub (D)
  A fire crab (D)
  A shadow demon (D)
  3 orb spiders (D)
  9 deep elf archers (D)
  A steelbarb worm (D)
  3 spriggan druids (D)
  5 deep elf zephyrmancers (D)
  6 deep elf pyromancers (D)
  A cyclops (D)
  A wolf spider (D)
  3 shining eyes (D)
  An elephant (D)
  3 guardian serpents (D)
  A rust devil (D)
  A toenail golem (D)
  6 smoke demons (D)
  5 black mambas (D)
  5 torpor snails (D)
  3 naga magi (D)
  5 eyes of devastation (D)
  2 freezing wraiths (D)
  3 orange demons (D)
  13 cane toads (D)
  7 yaktaurs (D)
  A rime drake (D)
  8 komodo dragons (D)
  2 ice devils (D)
  3 red devils (D)
  2 tormentors (D)
  5 wind drakes (D)
  3 hellwings (D)
  3 meliai (D)
  A polar bear (D)
  2 hornets (D)
  2 tarantellas (D)
  7 blink frogs (D)
  2 dream sheep (D)
  29 slime creatures (D)
  3 large abominations (D)
  9 air elementals (D)
  A jumping spider (D)
  2 wyverns (D)
  2 ynoxinuls (D)
  2 fire elementals (D)
  5 yaks (D)
  4 golden eyes (D)
  A steam dragon (D)
  3 redbacks (D)
  A neqoxec (D)
  2 basilisks (D)
  2 nagas (D)
  3 floating eyes (D)
  20 water moccasins (D)
  5 hell hounds (D)
  7 orc warriors (D)
  A wolf (D)
  2 centaurs (D)
  2 earth elementals (D)
  A crimson imp (D)
  2 quasits (D)
  14 jellies (D)
  3 orc priests (D)
  5 orc wizards (D)
  3 adders (D)
  A shadow imp (D)
  An adder zombie (D)
  An adder skeleton (D)
  An adder simulacrum (D)
  6 orcs (D)
  A bat skeleton (D)
  2 endoplasms (D)
  2 ball python skeletons (D)
  A ball python zombie (D)
  A bat simulacrum (D)
  A giant cockroach zombie (D)
  A jackal simulacrum (D)
  2 jackal skeletons (D)
  2 quokka zombies (D)
  2 spectral ball pythons (D)
  A spectral quokka (D)
  4 fire vortices (D)
569 creatures vanquished.

Vanquished Creatures (collateral kills)
  A storm dragon (D)
  A wendigo (D)
  A red draconian (D)
  A green draconian (D)
  A blizzard demon (D)
  A golden eye (D)
6 creatures vanquished.

Vanquished Creatures (others)
  A small abomination (D)
  108 fire vortices (D)
  46 foxfires (D)
155 creatures vanquished.

Grand Total: 730 creatures vanquished

Notes
Turn   | Place    | Note
-------+----------+-------------------------------------------
     0 | D        | Conn the Octopode Fire Elementalist began the quest for the
                  | Orb.
     0 | D        | Reached XP level 1. HP: 11/11 MP: 3/3
     0 | D        | Found a shimmering blue altar of Sif Muna.
     0 | D        | Found a bloodstained altar of Trog.
     0 | D        | Found a sacrificial altar of Ru.
     0 | D        | Found a stormy altar of Qazlal.
     0 | D        | Found an iron altar of Okawaru.
     1 | D        | Found a sparkling altar of Nemelex Xobeh.
     1 | D        | Found a blossoming altar of Fedhas.
     1 | D        | Found the +6 Majin-Bo {spellvamp, MP+6 Int+6}
     1 | D        | Found the +27 heavy crossbow "Sniper" {heavy, Acc+∞ SInv}
     1 | D        | Found the +10 dark maul {heavy}
     1 | D        | Found the +15 Maxwell's patent armour {-Cast -Tele rElec
                  | Will+ rCorr}
     1 | D        | Found the +18 shield of the Gong {Loud rN+ Will+ rCorr
                  | EV-5}
     1 | D        | Found the +16 obsidian axe {drain, demonic, Mesm Drain Fly
                  | SInv}
     1 | D        | Found the +7 great mace "Firestarter" {flame, immolate,
                  | rFlCloud rF++}
     1 | D        | Found the +6 shillelagh "Devastator" {shatter}
     1 | D        | Found the +11 plutonium sword {Contam Stlth-}
     1 | D        | Found the +8 lance "Wyrmbane" {slay drac, rPois rF+ rC+
                  | AC+3}
     1 | D        | Found the +9 sword of Zonguldrok {reap}
     1 | D        | Found the +13 scythe of Curses {drain, curses, Drain}
     1 | D        | Found the +9 sword of Power {lifebolt}
     1 | D        | Found the +7 mace of Variability {chaos, chaos arc}
     1 | D        | Found the +11 Singing Sword {sonic wave}
     1 | D        | Found the +8 storm bow {elec, penet}
     3 | D        | Found a transporter.
     3 | D        | Found an ancient bone altar of Kikubaaqudgha.
     3 | D        | Found a viscous altar of Jiyva.
     3 | D        | Found a corrupted altar of Lugonu.
     3 | D        | Found a hazy altar of Hepliaklqana.
     3 | D        | Found a burning altar of Makhleb.
     3 | D        | Found an opulent altar of Gozag.
    29 | D        | Became a worshipper of Sif Muna the Loreminder
    73 | D        | Entered arena 2.
    73 | D        | Noticed a floating eye
    73 | D        | Noticed a jelly
    73 | D        | Found a transporter.
    75 | D        | Killed a jelly
    75 | D        | Killed a floating eye
    76 | D        | Reached skill level 1 in Evocations
    76 | D        | Reached XP level 2. HP: 17/17 MP: 4/7
    76 | D        | Reached XP level 3. HP: 21/21 MP: 4/8
    76 | D        | Reached XP level 4. HP: 27/27 MP: 5/10
    76 | D        | Reached XP level 5. HP: 31/31 MP: 5/11
   130 | D        | Entered arena 3.
   130 | D        | Found a transporter.
   133 | D        | Reached * piety under Sif Muna
   137 | D        | Reached skill level 5 in Spellcasting
   188 | D        | Learned a level 2 spell: Scorch
   192 | D        | Learned a level 3 spell: Inner Flame
   197 | D        | Learned a level 4 spell: Flame Wave
   198 | D        | Entered arena 4.
   198 | D        | Found a transporter.
   202 | D        | Reached ** piety under Sif Muna
   203 | D        | Reached XP level 6. HP: 36/36 MP: 3/14
   210 | D        | Got the Codex of Planar Transmutation
   285 | D        | Entered arena 5.
   285 | D        | Found the +0 pair of fencer's gloves {Riposte Dex+3}
   285 | D        | Noticed a water moccasin
   285 | D        | Found a transporter.
   289 | D        | Killed a water moccasin
   289 | D        | Reached *** piety under Sif Muna
   290 | D        | Reached skill level 5 in Invocations
   291 | D        | Reached skill level 5 in Conjurations
   373 | D        | Learned a level 4 spell: Iskenderun's Mystic Blast
   374 | D        | Entered arena 6.
   374 | D        | Noticed a deep elf archer
   374 | D        | Noticed a +2 glaive of pain
   374 | D        | Noticed a deep elf pyromancer
   374 | D        | Noticed a deep elf knight
   374 | D        | Found a transporter.
   377 | D        | Reached XP level 7. HP: 42/42 MP: 16/16
   380 | D        | Killed a deep elf pyromancer
   380 | D        | Reached **** piety under Sif Muna
   381 | D        | Reached skill level 1 in Polearms
   381 | D        | Reached skill level 5 in Stealth
   381 | D        | Reached skill level 5 in Shields
   381 | D        | Reached XP level 8. HP: 47/47 MP: 16/18
   381 | D        | Killed a deep elf archer
   382 | D        | Reached skill level 5 in Translocations
   382 | D        | Reached XP level 9. HP: 52/52 MP: 16/20
   382 | D        | Killed a deep elf knight
   394 | D        | Killed a +2 glaive of pain
   395 | D        | Reached skill level 1 in Fighting
   395 | D        | Reached skill level 5 in Dodging
   395 | D        | Reached skill level 10 in Fire Magic
   395 | D        | Reached skill level 10 in Invocations
   501 | D        | Learned a level 3 spell: Mephitic Cloud
   504 | D        | Learned a level 2 spell: Call Imp
   504 | D        | Entered arena 7.
   504 | D        | Noticed a cane toad
   504 | D        | Noticed a cane toad
   504 | D        | Noticed a komodo dragon
   505 | D        | Found a transporter.
   511 | D        | Killed a cane toad
   511 | D        | Reached ***** piety under Sif Muna
   511 | D        | Received a gift from Sif Muna
   515 | D        | Killed a cane toad
   516 | D        | Reached XP level 10. HP: 53/58 MP: 7/23
   519 | D        | Reached skill level 10 in Spellcasting
   521 | D        | Got Saecros's Discursus on Vexing Elsewhere {god gift}
   528 | D        | Got the ring "Ysies" {Fly rPois}
   533 | D        | Got Poytrint's Folio of Bolts
   561 | D        | Learned a level 3 spell: Summon Guardian Golem
   561 | D        | Entered arena 8.
   563 | D        | Found a transporter.
   581 | D        | Received a gift from Sif Muna
   589 | D        | Got Sif Muna's Spellbook of Wounds {god gift}
   600 | D        | Got the ring "Beov" {rPois Str+2}
   607 | D        | Got the +7 morningstar "Kuisaong" {speed, Contam *Slow
                  | Will+++ Int+7}
   639 | D        | Learned a level 3 spell: Hailstorm
   647 | D        | Learned a level 6 spell: Starburst
   647 | D        | Entered arena 9.
   648 | D        | Found a transporter.
   686 | D        | Got the Handbook of Gritty Modification
   787 | D        | Entered arena 10.
   788 | D        | Found a transporter.
   792 | D        | Received a gift from Sif Muna
   796 | D        | Reached skill level 1 in Summonings
   800 | D        | Reached skill level 10 in Conjurations
   821 | D        | Got the Lessons on Refrigeration and Angles
   885 | D        | Entered arena 11.
   885 | D        | Noticed a shining eye
   886 | D        | Killed a shining eye
   886 | D        | Received a gift from Sif Muna
   887 | D        | Reached skill level 1 in Ice Magic
   887 | D        | Reached skill level 1 in Air Magic
   887 | D        | Reached skill level 1 in Poison Magic
   887 | D        | Got Sif Muna's Discourse on Unified Graupel {god gift}
   888 | D        | Found a transporter.
   905 | D        | Got Sif Muna's Spellbook of the Foggy Gathering
   961 | D        | Entered arena 12.
   961 | D        | Noticed a vault guard
   961 | D        | Noticed a vault guard
   961 | D        | Noticed a vault guard
   962 | D        | Noticed a vault guard
   962 | D        | Noticed a vault guard
   962 | D        | Noticed a lich
   962 | D        | Noticed a vault guard
   963 | D        | Killed a vault guard
   963 | D        | Killed a vault guard
   964 | D        | Reached XP level 11. HP: 39/63 MP: 15/26
   964 | D        | Killed a vault guard
   964 | D        | Killed a lich
   964 | D        | Killed a vault guard
   964 | D        | Received a gift from Sif Muna
   964 | D        | Killed a vault guard
   964 | D        | Killed a vault guard
   965 | D        | Reached skill level 5 in Summonings
   965 | D        | Reached skill level 5 in Ice Magic
   965 | D        | Got Uvijon's Incunable of Sweltering Damage {god gift}
   968 | D        | Found a transporter.
   995 | D        | Got the Tome of Confrontation and the Traveller
  1078 | D        | Entered arena 13.
  1078 | D        | Noticed a pharaoh ant
  1078 | D        | Noticed an entropy weaver
  1078 | D        | Noticed a steelbarb worm
  1079 | D        | Noticed a radroach
  1079 | D        | Noticed a sun moth
  1080 | D        | Killed an entropy weaver
  1080 | D        | Killed a pharaoh ant
  1080 | D        | Killed a ghost moth
  1080 | D        | Killed a steelbarb worm
  1080 | D        | Killed a radroach
  1080 | D        | Received a gift from Sif Muna
  1080 | D        | Noticed a boulder beetle
  1080 | D        | Killed a boulder beetle
  1081 | D        | Reached skill level 10 in Shields
  1081 | D        | Reached XP level 12. HP: 44/69 MP: 18/29
  1089 | D        | Found a transporter.
  1241 | D        | Learned a level 8 spell: Ignition
  1242 | D        | Entered arena 14.
  1248 | D        | Noticed a war gargoyle
  1248 | D        | Noticed an ancient champion
  1248 | D        | Noticed an iron dragon
  1248 | D        | Noticed a war gargoyle
  1249 | D        | Noticed a Hell Sentinel
  1249 | D        | Noticed a caustic shrike
  1249 | D        | Noticed an iron golem
  1249 | D        | Noticed a war gargoyle
  1249 | D        | Noticed an iron dragon
  1249 | D        | Noticed an ancient champion
  1250 | D        | Killed a war gargoyle
  1250 | D        | Killed an ancient champion
  1250 | D        | Killed a war gargoyle
  1250 | D        | Killed a war gargoyle
  1250 | D        | Received a gift from Sif Muna
  1250 | D        | Killed an ancient champion
  1251 | D        | Killed a caustic shrike
  1251 | D        | Killed an iron dragon
  1252 | D        | Reached skill level 15 in Spellcasting
  1252 | D        | Reached XP level 13. HP: 7/73 MP: 11/32
  1252 | D        | Killed an iron dragon
  1268 | D        | Killed a Hell Sentinel
  1272 | D        | Found a transporter.
  1282 | D        | Killed an iron golem
  1347 | D        | Entered arena 15.
  1348 | D        | Noticed a yaktaur captain
  1348 | D        | Noticed a deep elf master archer
  1349 | D        | Noticed a yaktaur captain
  1349 | D        | Noticed a merfolk javelineer
  1351 | D        | Found a transporter.
  1352 | D        | Killed a yaktaur captain
  1352 | D        | Killed a merfolk javelineer
  1352 | D        | Received a gift from Sif Muna
  1352 | D        | Killed a deep elf master archer
  1353 | D        | Reached skill level 15 in Conjurations
  1360 | D        | Killed a yaktaur captain
  1365 | D        | Got Sif Muna's Handbook of Telluric Ectoplasm {god gift}
  1399 | D        | Got the ring "Tecogox" {Fly rElec MP-9 Str+4 Stlth+}
  1403 | D        | Got the +4 halberd of Shame {freeze, Fragile rPois rC+
                  | rCorr}
  1406 | D        | Got the ring "Eneji" {rElec Will+ Stlth+}
  1441 | D        | Learned a level 5 spell: Metabolic Englaciation
  1443 | D        | Entered arena 16.
  1449 | D        | Found a transporter.
  1451 | D        | Received a gift from Sif Muna
  1451 | D        | Received a gift from Sif Muna
  1452 | D        | Reached ****** piety under Sif Muna
  1454 | D        | Reached skill level 10 in Stealth
  1458 | D        | Got Sif Muna's Precepts of the Grave and Sparks {god gift}
  1458 | D        | Got Sif Muna's Omnibus of Limned Production {god gift}
  1469 | D        | Learned a level 5 spell: Fireball
  1478 | D        | Upgraded the game from 0.31-a0-435-g2c6fae2916 to
                  | 0.31-a0-437-g7cee417757
  1486 | D        | Got the +7 shortbow "Goxebb" {drain, +Blink rElec rC+ Str-3
                  | Dex+4}
  1579 | D        | Entered arena 17.
  1582 | D        | Noticed a deep elf blademaster
  1582 | D        | Noticed a deep elf master archer
  1582 | D        | Noticed a deep elf sorcerer
  1583 | D        | Noticed a deep elf master archer
  1583 | D        | Killed a deep elf master archer
  1583 | D        | Received a gift from Sif Muna
  1583 | D        | Noticed a deep elf blademaster
  1584 | D        | Reached XP level 14. HP: 84/84 MP: 26/35
  1584 | D        | Killed a deep elf master archer
  1584 | D        | Killed a deep elf blademaster
  1584 | D        | Killed a deep elf elementalist
  1584 | D        | Killed a deep elf sorcerer
  1585 | D        | Reached skill level 5 in Fighting
  1585 | D        | Reached skill level 15 in Fire Magic
  1586 | D        | Identified the +8 spear "Acucyduu" {drain, rN+ Str-3 Int+3
                  | Dex+4} (You took it off a deep elf zephyrmancer in the
                  | Dungeon)
  1586 | D        | Noticed a deep elf annihilator
  1592 | D        | Received a gift from Sif Muna
  1595 | D        | Killed a deep elf annihilator
  1597 | D        | Killed a deep elf blademaster
  1609 | D        | Got Sif Muna's Spellbook of Flashy Elsewhere {god gift}
  1613 | D        | Learned a level 2 spell: Blink
  1616 | D        | Found the +5 Storm Queen's Shield {shock, Fly rElec}
  1617 | D        | Found a transporter.
  1673 | D        | Entered arena 18.
  1677 | D        | Found the +12 glaive of Prune {freeze, Prune}
  1679 | D        | Received a gift from Sif Muna
  1680 | D        | Reached skill level 5 in Polearms
  1680 | D        | Reached skill level 15 in Shields
  1680 | D        | Received a gift from Sif Muna
  1689 | D        | Got Sif Muna's Guidebook on Underground Variation {god
                  | gift}
  1689 | D        | Got Sif Muna's Essays on Bodies and Attendants {god gift}
  1690 | D        | Found a transporter.
  1702 | D        | Got the ring "Rujuil" {rF+ Str-2 Dex+4}
  1751 | D        | Entered arena 19.
  1760 | D        | Noticed a shadow dragon
  1762 | D        | Found a transporter.
  1764 | D        | Received a gift from Sif Muna
  1765 | D        | Killed a shadow dragon
  1770 | D        | Received a gift from Sif Muna
  1789 | D        | Got Abbavyw's Vellum of Puissant Combustion {god gift}
  1812 | D        | Got the ring of Kurompis {rElec Int+8 Dex-4 Slay+4 SInv}
  1817 | D        | Got the +7 quarterstaff of the Spectre {heavy, rPois rC+++
                  | Str+3 Int-3}
  1952 | D        | Entered arena 20.
  1964 | D        | Noticed a demonspawn blood saint
  1965 | D        | Noticed Abodghas the pandemonium lord
  1967 | D        | Found a transporter.
  1968 | D        | Received a gift from Sif Muna
  1970 | D        | Killed a demonspawn blood saint
  1970 | D        | Received a gift from Sif Muna
  1975 | D        | Reached XP level 15. HP: 60/101 MP: 10/38
  1976 | D        | Killed Abodghas the pandemonium lord
  1989 | D        | Received a gift from Sif Muna
  1990 | D        | Got Sif Muna's Folio of Volcanic Glamour {god gift}
  2125 | D        | Got Sif Muna's Octavo of Battling and Beguiling {god gift}
  2125 | D        | Got Sif Muna's Grimoire of Electrocution {god gift}
  2136 | D        | Learned a level 9 spell: Fire Storm
  2205 | D        | Entered arena 21.
  2209 | D        | Noticed an Ice Fiend
  2209 | D        | Noticed a nargun
  2209 | D        | Noticed a shard shrike
  2210 | D        | Noticed a titan
  2210 | D        | Noticed a titan
  2210 | D        | Noticed an Ice Fiend
  2210 | D        | Noticed a shard shrike
  2210 | D        | Noticed an Ice Fiend
  2210 | D        | Noticed a nargun
  2211 | D        | Killed an Ice Fiend
  2211 | D        | Killed a nargun
  2211 | D        | Received a gift from Sif Muna
  2211 | D        | Received a gift from Sif Muna
  2211 | D        | Killed a titan
  2211 | D        | Killed an Ice Fiend
  2211 | D        | Noticed an azure jelly
  2212 | D        | Killed a titan
  2212 | D        | Killed an Ice Fiend
  2212 | D        | Noticed a shard shrike
  2213 | D        | Killed a nargun
  2213 | D        | Killed a shard shrike
  2213 | D        | Killed a shard shrike
  2213 | D        | Received a gift from Sif Muna
  2213 | D        | Noticed an Ice Fiend
  2214 | D        | Killed an azure jelly
  2214 | D        | Killed an Ice Fiend
  2279 | D        | Killed a shard shrike
  2279 | D        | Received a gift from Sif Muna
  2285 | D        | Got Sif Muna's Elucidation of Ill-fated Toxicants {god
                  | gift}
  2288 | D        | Got Sif Muna's Vademecum on the Summer and the Tundra {god
                  | gift}
  2349 | D        | Found a transporter.
  2448 | D        | Entered arena 22.
  2459 | D        | Noticed an electric golem
  2460 | D        | Noticed a titan
  2460 | D        | Noticed a titan
  2460 | D        | Noticed a titan
  2460 | D        | Noticed a storm dragon
  2461 | D        | Noticed a titan
  2461 | D        | Noticed a titan
  2461 | D        | Noticed a titan
  2461 | D        | Noticed a titan
  2461 | D        | Noticed a storm dragon
  2461 | D        | Noticed a titan
  2461 | D        | Noticed an electric golem
  2462 | D        | Killed a titan
  2462 | D        | Killed a titan
  2462 | D        | Killed a titan
  2462 | D        | Received a gift from Sif Muna
  2462 | D        | Killed a titan
  2462 | D        | Received a gift from Sif Muna
  2463 | D        | Reached XP level 16. HP: 76/117 MP: 32/42
  2463 | D        | Killed a titan
  2463 | D        | Killed a storm dragon
  2463 | D        | Killed a titan
  2463 | D        | Received a gift from Sif Muna
  2463 | D        | Killed a titan
  2463 | D        | Killed a titan
  2463 | D        | Killed a storm dragon
  2463 | D        | Noticed a storm dragon
  2476 | D        | Killed an electric golem
  2476 | D        | Noticed a storm dragon
  2478 | D        | Killed a storm dragon
  2478 | D        | Received a gift from Sif Muna
  2478 | D        | Killed a storm dragon
  2478 | D        | Noticed a storm dragon
  2479 | D        | Reached skill level 1 in Earth Magic
  2481 | D        | Killed a storm dragon
  2481 | D        | Noticed a storm dragon
  2482 | D        | Killed an electric golem
  2486 | D        | Killed a storm dragon
  2690 | D        | Got Sif Muna's Meditations on the Throng and the Voyage
                  | {god gift}
  2691 | D        | Found a transporter.
  2725 | D        | Got the ring of the Vendetta {*Slow rCorr Str+8 Dex+7}
  2736 | D        | Got the Encyclopedia of Misery and the Hornet
  2744 | D        | Acquired a manual of Throwing
  2793 | D        | Learned a level 6 spell: Dispersal
  2795 | D        | Entered arena 23.
  2808 | D        | Noticed a rockslime
  2808 | D        | Noticed an azure jelly
  2808 | D        | Noticed an azure jelly
  2808 | D        | Noticed an acid blob
  2809 | D        | Noticed a rockslime
  2809 | D        | Noticed an acid blob
  2809 | D        | Noticed an azure jelly
  2810 | D        | Received a gift from Sif Muna
  2810 | D        | Killed an azure jelly
  2810 | D        | Killed an azure jelly
  2810 | D        | Received a gift from Sif Muna
  2810 | D        | Killed an acid blob
  2810 | D        | Received a gift from Sif Muna
  2810 | D        | Killed an azure jelly
  2810 | D        | Killed an acid blob
  2810 | D        | Received a gift from Sif Muna
  2810 | D        | Noticed an acid blob
  2811 | D        | Reached skill level 15 in Fighting
  2811 | D        | Noticed an azure jelly
  2811 | D        | Noticed an azure jelly
  2812 | D        | Killed an azure jelly
  2812 | D        | Killed an acid blob
  2812 | D        | Killed an azure jelly
  2812 | D        | Killed an azure jelly
  2813 | D        | Reached skill level 1 in Hexes
  2814 | D        | Killed a rockslime
  2814 | D        | Received a gift from Sif Muna
  2814 | D        | Killed a rockslime
  2814 | D        | Noticed a rockslime
  2834 | D        | Killed a rockslime
  2839 | D        | Found a transporter.
  2846 | D        | Found the crystal ball of Wucad Mu {*channel}
  2981 | D        | Entered arena 24.
  2992 | D        | Noticed an acid blob
  2992 | D        | Noticed a rockslime
  2993 | D        | Noticed a rockslime
  2994 | D        | Found a transporter.
  2995 | D        | Killed an acid blob
  2996 | D        | Reached XP level 17. HP: 129/129 MP: 35/45
  2997 | D        | Noticed an acid blob
  2999 | D        | Noticed an acid blob
  3001 | D        | Killed an acid blob
  3015 | D        | Killed an acid blob
  3162 | D        | Got the ring "Von Cup" {Fire Contam rCorr Int+8 Dex+3}
  3233 | D        | Entered arena 25.
  3246 | D        | Found the brooch of Shielding {Spirit SH+8}
  3249 | D        | Reached skill level 15 in Stealth
  3250 | D        | Found a transporter.
  3552 | D        | Got the ring "Keq Qynk" {Fly rElec rC+ Str+6}
  3569 | D        | Entered arena 26.
  3586 | D        | Found a transporter.
  3592 | D        | Reached XP level 18. HP: 104/143 MP: 5/47
  3883 | D        | Entered arena 27.
  3897 | D        | Noticed a deep elf blademaster
  3898 | D        | Noticed a deep elf master archer
  3898 | D        | Noticed a deep elf master archer
  3898 | D        | Noticed a deep elf master archer
  3898 | D        | Noticed a deep elf blademaster
  3899 | D        | Killed a deep elf master archer
  3899 | D        | Killed a deep elf blademaster
  3899 | D        | Killed a deep elf master archer
  3899 | D        | Killed a deep elf blademaster
  3899 | D        | Killed a deep elf master archer
  3900 | D        | Reached skill level 10 in Polearms
  3900 | D        | Noticed a deep elf master archer
  3902 | D        | Killed a deep elf master archer
  3904 | D        | Found a transporter.
  3904 | D        | Identified the ring "Zioguur" {rF+ Slay+4 SInv}
  3904 | D        | Identified the ring of the Moon {rC- Dex+5 Slay+4}
  3904 | D        | Identified the +5 long sword "Fuhoecy" {flame, Int+3}
  3905 | D        | Noticed a deep elf blademaster
  3906 | D        | Reached skill level 27 in Spellcasting
  3908 | D        | Killed a deep elf blademaster
  3913 | D        | Noticed a deep elf master archer
  3915 | D        | Killed a deep elf master archer
  3919 | D        | Reached skill level 27 in Fire Magic
  3964 | D        | Got the amulet of Ogur Purr {Faith +Inv rElec Dex+2 Stlth-}
  4076 | D        | Entered arena 28.
  4096 | D        | Found the ring of the Mage {Wiz Archmagi}
  4098 | D        | Identified the ring "Soakk" {Drain rF+ rC+++ rCorr SInv}
  4100 | D        | Reached XP level 19. HP: 133/158 MP: 29/50
  4101 | D        | Reached skill level 27 in Conjurations
  4112 | D        | Identified the ring "Hiupsun" {Contam Fly rC+ rCorr Int+7}
  4129 | D        | Reached skill level 27 in Shields
  4133 | D        | Identified the +4 battleaxe of Amorality {freeze, Stlth+}
  4136 | D        | Reached skill level 10 in Ice Magic
  4138 | D        | Identified the +7 great sword of Unpleasantness {flame, rF+
                  | rN+ Will+ Int+6}
  4143 | D        | Reached skill level 5 in Hexes
  4153 | D        | Identified the +2 rapier "Death Rattle" {drain, rElec} (You
                  | took it off a draconian stormcaller in the Dungeon)
  4423 | D        | Found a transporter.
  4638 | D        | Got the Orb of Zot
  4657 | D        | Reached skill level 27 in Fighting
  4966 | D        | Noticed Hunalef the pandemonium lord
  4968 | D        | Killed Hunalef the pandemonium lord
  4969 | D        | Reached skill level 10 in Dodging
  4996 | D        | Noticed a Tzitzimitl
  4997 | D        | Killed a Tzitzimitl
  5464 | D        | Reached skill level 5 in Air Magic
  5580 | D        | Reached skill level 5 in Poison Magic
  5598 | D        | Learned a level 9 spell: Chain Lightning
  6287 | D        | Noticed a Hell Sentinel
  6291 | D        | Killed a Hell Sentinel
  6631 | D        | Noticed Coshrov the pandemonium lord
  6636 | D        | Killed Coshrov the pandemonium lord
  6831 | D        | Reached XP level 20. HP: 177/177 MP: 33/51
  7169 | D        | Reached skill level 15 in Ice Magic
  7169 | D        | Reached skill level 10 in Air Magic
  7609 | D        | Reached skill level 10 in Hexes
  7702 | D        | Escaped with the Orb!

Illustrated notes

Levels and vault maps discovered:
D:        sprint_v [room_start, room_1, room_2, room_3, room_4, room_5, room_6,
          room_7, room_8, room_9, room_10, room_11, room_12, room_13, room_14,
          room_15, room_16, room_17, room_18, room_19, room_20, room_21,
          room_22, room_23, room_24, room_25, room_26, room_27]

Skill      XL: |  1  2  3  4  5  6  7  8  9 10 11 12 13 14 15 16 17 18 19 20 |
---------------+-------------------------------------------------------------+-----
Dodging        | 3 4 5 6 7 8 9 11 | 11.6
Stealth        | 3 4 5 7 8 9 10 12 13 14 15 17 24 | 24.3
Shields        | 3 4 5 6 7 9 10 12 14 15 18 20 22 25 27 | 27.0
Spellcasting   | 4 5 6 7 9 11 13 15 17 19 22 24 25 27 | 27.0
Conjurations   | 3 4 7 8 9 10 12 13 15 16 19 21 23 26 27 | 27.0
Fire Magic     | 6 7 8 9 10 11 12 14 17 20 22 24 27 | 27.0
Invocations    | 3 4 8 9 10 11 14 | 14.3
Evocations     | 1 2 3 |  3.5
Translocations | 3 4 5 |  5.6
Polearms       | 1 2 3 4 5 6 8 10 | 10.8
Fighting       | 1 3 9 13 16 18 22 27 | 27.0
Summonings     | 3 6 |  6.6
Ice Magic      | 3 6 7 8 9 14 15 | 15.6
Air Magic      | 2 4 9 10 | 10.9
Poison Magic   | 2 4 6 7 |  7.7
Earth Magic    | 3 |  3.1
Hexes          | 2 3 9 10 | 10.0

Action                     |  1- 3 |  4- 6 |  7- 9 | 10-12 | 13-15 | 16-18 | 19-21 || total
---------------------------+-------+-------+-------+-------+-------+-------+-------++-------
  Melee: Lance             |       |     2 |     8 |    11 |    22 |    19 |       ||    62
         Tentacles         |       |     1 |     2 |     3 |    11 |    11 |       ||    28
         Constrict         |       |       |     1 |     3 |     2 |     1 |       ||     7
         Punch             |       |       |       |     1 |     1 |       |       ||     2
   Cast: Foxfire           |       |     8 |       |    12 |     4 |       |       ||    24
         Scorch            |       |     3 |     1 |     8 |     1 |     2 |       ||    15
         Flame Wave        |       |     2 |       |     2 |       |       |       ||     4
         Iskenderun's Myst |       |       |     4 |     4 |    29 |    16 |    15 ||    68
         Mephitic Cloud    |       |       |     3 |     9 |     1 |     2 |     2 ||    17
         Hailstorm         |       |       |       |     3 |     7 |       |     8 ||    18
         Chain Lightning   |       |       |       |     4 |     1 |       |     4 ||     9
         Starburst         |       |       |       |     3 |    14 |     1 |     7 ||    25
         Fire Storm        |       |       |       |     2 |     9 |    13 |    50 ||    74
         Ignition          |       |       |       |       |    13 |    23 |     1 ||    37
         Metabolic Englaci |       |       |       |       |     3 |     2 |     1 ||     6
         Fireball          |       |       |       |       |     2 |     5 |       ||     7
         Shatter           |       |       |       |       |       |     1 |       ||     1
         Polar Vortex      |       |       |       |       |       |     1 |       ||     1
         Dispersal         |       |       |       |       |       |       |     3 ||     3
 Invoke: Channel Magic     |       |       |     1 |     1 |     9 |     6 |     5 ||    22
         Divine Exegesis   |       |       |       |     6 |     9 |     3 |       ||    18
  Evoke: Wand              |     2 |       |     4 |       |       |       |       ||     6
    Use: Potion            |       |     3 |     1 |       |     5 |     2 |     2 ||    13
         Scroll            |       |       |       |     1 |     3 |     2 |       ||     6
   Stab: Invisible         |       |       |     4 |       |     2 |       |       ||     6
         Confused          |       |       |       |     2 |       |       |       ||     2
 Armour: Skin              |       |     3 |       |       |       |       |       ||     3
  Dodge: Dodged            |       |     2 |     2 |     5 |     8 |    19 |     2 ||    38
  Block: Buckler           |       |       |     2 |     5 |       |       |       ||     7
         Kite shield       |       |       |       |       |    36 |    54 |     3 ||    93

Table legend: (Time is in decaauts)
 A = Elapsed time spent in this place.
 B = Non-inter-level travel time spent in this place.
 C = Inter-level travel time spent in this place.
 D = Time resting spent in this place.
 E = Time spent auto-exploring this place.
 F = Levels seen in this place.
 G = Mean time per level.
                   A        B        C        D        E       F      G
               +--------+--------+--------+--------+--------+-----+--------+
         Total |   7656 |   7656 |      0 |   4592 |     89 |   1 | 7656.0 |
       Dungeon |   7656 |   7656 |      0 |   4592 |     89 |   1 | 7656.0 |
               +--------+--------+--------+--------+--------+-----+--------+

Top non-repeatable levels by time:
       D: 7656 daAuts
